[Event "Friday 12 January Rapid Engine Tour12+1 Rponds 9 Starts 1600 ST"]
[Site "Infinity Chess"]
[Date "2018.1.12"]
[Round "2"]
[White "KillBill2017"]
[Black "hafaba"]
[Result "1/2-1/2"]
[ECO "B00"]
[WhiteElo "2395"]
[BlackElo "2418"]
[WhiteEngine "asmFishW_2018-01-12_popcnt_CTG"]
[BlackEngine "Stockfish SL 07012018 POPCNT_CTG"]
[EventType "Swiss"]
[WhiteTeam ""]
[BlackTeam ""]
[PlyCount "71"]
[TimeControl "720+1"]

1. e4 Nc6 2. d4 d5 3. e5 Bf5 4. c3 e6 5. Nd2 f6 6. f4 g5 7. Qh5+ Kd7 8. Nb3 gxf4 
9. Nf3 Bg6 10. Qg4 Nh6 11. Qxf4 fxe5 12. dxe5 Nf5 13. Bb5 a6 14. Bxc6+ Kxc6 
15. Qa4+ b5 16. Qf4 Kd7 17. h4 h5 18. Be3 Kc8 19. Ng5 Qe8 20. O-O a5 
21. Nc5 Bxc5 22. Bxc5 Qc6 23. b4 Ra6 24. Rac1 Rg8 25. Rfd1 a4 26. Rf1 Nh6 
27. Qd2 Bf5 28. Rf4 Kb7 29. Rcf1 Qe8 30. Qe2 Bg4 31. Qd3 Bf5 32. Qd4 Qd7 
33. Qd2 Qe8 34. Qe2 Bg4 35. Qd3 Bf5 36. Qe2 1/2-1/2

[Event "Friday 12 January Rapid Engine Tour12+1 Rponds 9 Starts 1600 ST"]
[Site "Infinity Chess"]
[Date "2018.1.12"]
[Round "2"]
[White "MarioDeMonti"]
[Black "Thor"]
[Result "1/2-1/2"]
[ECO "C53"]
[WhiteElo "2403"]
[BlackElo "2453"]
[WhiteEngine "stockfish_x64_bmi2_2018_01_01_CTG"]
[BlackEngine "asmFishW_2017-11-19_bmi2"]
[EventType "Swiss"]
[WhiteTeam ""]
[BlackTeam ""]
[PlyCount "137"]
[TimeControl "720+1"]

1. e4 e5 2. Nf3 Nc6 3. Bc4 Bc5 4. c3 Nf6 5. d3 d6 6. O-O a5 7. Re1 O-O 
8. Nbd2 h6 9. h3 Be6 10. a4 Ba7 11. b3 Re8 12. Ra2 d5 13. Bb5 Nd7 14. Ba3 d4 
15. Bxc6 bxc6 16. cxd4 exd4 17. Nc4 Bc5 18. Bxc5 Nxc5 19. Nfe5 Qg5 20. Rf1 Qf4 
21. Rb2 f5 22. exf5 Qxf5 23. f4 Bd5 24. Rbf2 Kh7 25. Qc2 Nd7 26. Nxd7 Qxd7 
27. f5 Qe7 28. Rf4 Qe2 29. Qxe2 Rxe2 30. R1f2 Re1+ 31. Rf1 Re2 32. R4f2 Ree8 
33. Rc2 Reb8 34. Nd2 Kg8 35. Rf4 Rb4 36. Rc5 Kf7 37. h4 h5 38. Kf2 Kf6 
39. g3 Ke7 40. Rc1 Kf7 41. g4 hxg4 42. Rxg4 Rh8 43. Rcg1 Kf8 44. Rxg7 Rxh4 
45. Kg3 Kxg7 46. Kxh4+ Kf6 47. Kg4 Bxb3 48. Ne4+ Ke5 49. Re1 Bd5 50. Ng5+ Kd6 
51. f6 Rxa4 52. f7 Bxf7 53. Nxf7+ Kc5 54. Ne5 Ra3 55. Kf5 a4 56. Ke4 Rc3 
57. Nf3 Kb4 58. Nxd4 a3 59. Ra1 c5 60. Ne2 Rc2 61. Ke3 Rb2 62. Nf4 a2 63. Ne6 c6 
64. Nd8 Kb3 65. Nxc6 Rb1 66. Na5+ Kb2 67. Rxa2+ Kxa2 68. d4 Rb5 69. Nc4 1/2-1/2

[Event "Friday 12 January Rapid Engine Tour12+1 Rponds 9 Starts 1600 ST"]
[Site "Infinity Chess"]
[Date "2018.1.12"]
[Round "2"]
[White "Satria_Ungu"]
[Black "neófito"]
[Result "1/2-1/2"]
[ECO "A40"]
[WhiteElo "2408"]
[BlackElo "2405"]
[WhiteEngine "Houdini 6"]
[BlackEngine "BrainFish_180106_x64_bmi2_CTG"]
[EventType "Swiss"]
[WhiteTeam ""]
[BlackTeam ""]
[PlyCount "107"]
[TimeControl "720+1"]

1. d4 e6 2. Nf3 Nf6 3. c4 b6 4. g3 Bb7 5. Bg2 Be7 6. Nc3 O-O 7. O-O d5 
8. cxd5 Nxd5 9. Re1 Nxc3 10. bxc3 Be4 11. Ne5 Bxg2 12. Kxg2 Nc6 13. Nxc6 Qd5+ 
14. e4 Qxc6 15. Qb3 Rfd8 16. f3 b5 17. Be3 a5 18. Qc2 Rab8 19. Rab1 h6 
20. Qd3 Qd7 21. c4 b4 22. Qc2 c5 23. d5 Rbc8 24. Bf4 exd5 25. exd5 Re8 
26. Re4 Bf6 27. Rbe1 Rxe4 28. fxe4 Bc3 29. Re2 g5 30. Bc1 Be5 31. Bb2 Qe7 
32. Bxe5 Qxe5 33. Qb2 f6 34. Kf2 a4 35. Qxe5 fxe5 36. Rd2 Kf7 37. Ke1 Rf8 
38. Rf2+ Ke8 39. Rxf8+ Kxf8 40. Kd2 a3 41. Kc1 h5 42. h3 Kf7 43. h4 gxh4 
44. gxh4 Ke7 45. Kc2 Kd6 46. Kb1 Kd7 47. Kc2 Ke7 48. Kc1 Kd7 49. Kc2 Kc7 
50. Kb1 Kb7 51. Ka1 Kc7 52. Kb1 Kb6 53. Kc2 Kc7 54. Kb1 1/2-1/2

[Event "Friday 12 January Rapid Engine Tour12+1 Rponds 9 Starts 1600 ST"]
[Site "Infinity Chess"]
[Date "2018.1.12"]
[Round "2"]
[White "ocirema"]
[Black "angriff"]
[Result "1/2-1/2"]
[ECO "B00"]
[WhiteElo "2413"]
[BlackElo "2412"]
[WhiteEngine "stockfish_18010422_x64_modern_CTG"]
[BlackEngine "SF_64BIT_POPCNT_CTG"]
[EventType "Swiss"]
[WhiteTeam ""]
[BlackTeam ""]
[PlyCount "60"]
[TimeControl "720+1"]

1. e4 Nc6 2. d4 d5 3. e5 Bf5 4. Nf3 e6 5. c3 f6 6. Bb5 Nge7 7. exf6 gxf6 
8. Nh4 Bg6 9. O-O a6 10. Be2 Bf7 11. Nd2 Ng6 12. Ndf3 e5 13. Nxg6 hxg6 
14. dxe5 Nxe5 15. h3 Bd6 16. Nxe5 Bxe5 17. Bg4 c5 18. Bf4 Bxf4 19. Qa4+ Kf8 
20. Qxf4 Kg7 21. Bf3 Qb8 22. Qd2 Qd6 23. b4 cxb4 24. cxb4 Rh4 25. a3 Rc4 
26. Rfe1 Rd8 27. Be2 Re4 28. Bf3 Rc4 29. Be2 Re4 30. Bf3 Rc4 1/2-1/2

[Event "Friday 12 January Rapid Engine Tour12+1 Rponds 9 Starts 1600 ST"]
[Site "Infinity Chess"]
[Date "2018.1.12"]
[Round "2"]
[White "CrapCleaner"]
[Black "localhero"]
[Result "1/2-1/2"]
[ECO "C55"]
[WhiteElo "2413"]
[BlackElo "2413"]
[WhiteEngine "komodo-11.01-64bit_CTG"]
[BlackEngine "asmFishW_2017-10-04_popcnt"]
[EventType "Swiss"]
[WhiteTeam ""]
[BlackTeam ""]
[PlyCount "203"]
[TimeControl "720+1"]

1. e4 e5 2. Nf3 Nc6 3. Bc4 Nf6 4. d3 Bc5 5. c3 d6 6. O-O a5 7. Bg5 Ba7 
8. Nbd2 h6 9. Bh4 Qe7 10. Bb5 O-O 11. Nc4 g5 12. Bg3 Nb8 13. Ba4 Be6 
14. Ne3 Bxe3 15. fxe3 Nbd7 16. Bc2 Bg4 17. h3 Bh5 18. a4 c6 19. Rc1 Kh8 
20. Qe1 Rg8 21. Nh2 Qe6 22. Qf2 Bg6 23. Qf3 h5 24. Qd1 Rg7 25. Bb3 Qe7 
26. Qe2 Rag8 27. Bc4 d5 28. exd5 Nxd5 29. d4 N5f6 30. Rxf6 Qxf6 31. Nf3 exd4 
32. exd4 Qd8 33. Ne5 Nxe5 34. dxe5 h4 35. Bf2 Qe7 36. Re1 c5 37. Qf3 Rd8 
38. Bd5 b6 39. c4 Rf8 40. Re2 f6 41. e6 Rh7 42. Re1 Kg7 43. Be3 Bh5 44. Qf2 f5 
45. Bd2 f4 46. Bc3+ Kh6 47. Be4 Bg6 48. Bxg6 Kxg6 49. Qe2 Re8 50. Qg4 Kh6 
51. Be5 Rd8 52. Kh2 Kg6 53. Bc3 Kh6 54. Kg1 Rg8 55. Qf5 Rg6 56. Re2 Kh5 
57. Kh2 Kh6 58. Kg1 Kh5 59. Kh2 Kh6 60. Kh1 Kh5 61. Kg1 Kh6 62. Kf1 Kh5 
63. Kg1 Kh6 64. Kf1 Kh5 65. b3 Kh6 66. Kf2 Kh5 67. Kf1 Kh6 68. Kg1 Kh5 
69. Qe4 Kh6 70. Qf5 Kh5 71. Re4 Kh6 72. Be5 Qd8 73. Bxf4 Qf6 74. Qxf6 Rxf6 
75. e7 Rxe7 76. Bxg5+ Kxg5 77. Rxe7 Rd6 78. Kf2 Kf4 79. Rf7+ Ke5 80. Ke1 Rg6 
81. Kf1 Rd6 82. Rh7 Rd3 83. Rh5+ Kf4 84. Rxh4+ Ke5 85. Rg4 Rxb3 86. h4 Ra3 
87. Ke2 Kf5 88. Rg8 Rxa4 89. g4+ Kf4 90. g5 Rxc4 91. g6 Re4+ 92. Kd3 Rd4+ 
93. Kc3 Rd7 94. Rb8 Kg4 95. Rxb6 Kxh4 96. Kc4 Kg5 97. Rc6 a4 98. Ra6 a3 
99. Rxa3 Rc7 100. Rg3+ Kf6 101. g7 Rxg7 102. Rxg7 1/2-1/2

[Event "Friday 12 January Rapid Engine Tour12+1 Rponds 9 Starts 1600 ST"]
[Site "Infinity Chess"]
[Date "2018.1.12"]
[Round "2"]
[White "KULLANI"]
[Black "IronMan"]
[Result "1/2-1/2"]
[ECO "C50"]
[WhiteElo "2427"]
[BlackElo "2420"]
[WhiteEngine "BrainFish_180106_x64_CTG"]
[BlackEngine "Stockfish SL FA PB BMI2"]
[EventType "Swiss"]
[WhiteTeam ""]
[BlackTeam ""]
[PlyCount "92"]
[TimeControl "720+1"]

1. e4 e5 2. Nf3 Nc6 3. Bc4 Bc5 4. O-O Nf6 5. d3 d6 6. c3 h6 7. b4 Bb6 8. a4 a5 
9. b5 Ne7 10. Nbd2 O-O 11. h3 Ng6 12. d4 exd4 13. cxd4 d5 14. exd5 Nxd5 
15. Re1 Be6 16. Ne4 Ne3 17. Bxe3 Bxc4 18. Ne5 Nxe5 19. dxe5 Bxe3 20. Rxe3 Qxd1+ 
21. Rxd1 Rfd8 22. Rc1 Rd4 23. Ng3 Be6 24. Rxc7 Rxa4 25. Rxb7 Rb4 26. b6 Ra6 
27. Ra3 Kh7 28. Nh5 a4 29. Ra7 Rbxb6 30. Rxa4 Rxa7 31. Rxa7 Rb5 32. Re7 Rxe5 
33. Nf4 Re1+ 34. Kh2 Kg8 35. Re8+ Kh7 36. Nxe6 Rxe6 37. Rxe6 fxe6 38. Kg3 Kg6 
39. Kf4 Kf6 40. f3 g6 41. h4 h5 42. Ke4 g5 43. hxg5+ Kxg5 44. g3 h4 45. f4+ Kg4 
46. gxh4 Kxh4 1/2-1/2

[Event "Friday 12 January Rapid Engine Tour12+1 Rponds 9 Starts 1600 ST"]
[Site "Infinity Chess"]
[Date "2018.1.12"]
[Round "2"]
[White "RonWeasley"]
[Black "Dovahkiin"]
[Result "1/2-1/2"]
[ECO "C11"]
[WhiteElo "2430"]
[BlackElo "2447"]
[WhiteEngine "BrainFish 060118_CTG"]
[BlackEngine "BrainFish_180106_x64_modern_CTG"]
[EventType "Swiss"]
[WhiteTeam ""]
[BlackTeam ""]
[PlyCount "38"]
[TimeControl "720+1"]

1. e4 e6 2. d4 d5 3. Nc3 Nf6 4. e5 Nfd7 5. f4 c5 6. Nf3 Nc6 7. Be3 cxd4 
8. Nxd4 Qb6 9. a3 Bc5 10. Ncb5 a6 11. b4 axb5 12. bxc5 Qxc5 13. Qd2 Rxa3 
14. Rxa3 Qxa3 15. Bxb5 Qa1+ 16. Qd1 Qa5+ 17. Qd2 Qa1+ 18. Qd1 Qa5+ 19. Qd2 Qa1+ 
1/2-1/2

[Event "Friday 12 January Rapid Engine Tour12+1 Rponds 9 Starts 1600 ST"]
[Site "Infinity Chess"]
[Date "2018.1.12"]
[Round "2"]
[White "Neoxium"]
[Black "Thinker"]
[Result "1/2-1/2"]
[ECO "E10"]
[WhiteElo "2451"]
[BlackElo "2448"]
[WhiteEngine "Stockfish SL FA PB BMI2"]
[BlackEngine "BrainFish_180106_x64_modern_CTG"]
[EventType "Swiss"]
[WhiteTeam ""]
[BlackTeam ""]
[PlyCount "125"]
[TimeControl "720+1"]

1. d4 Nf6 2. c4 e6 3. Nf3 d5 4. Nc3 Be7 5. Bf4 O-O 6. e3 Nbd7 7. a3 c5 
8. cxd5 Nxd5 9. Nxd5 exd5 10. dxc5 Nxc5 11. Be5 Bf5 12. Be2 Rc8 13. O-O Ne6 
14. Qb3 Bd6 15. Bxd6 Qxd6 16. Rac1 b6 17. Qa4 Qe7 18. Nd4 Nxd4 19. Qxd4 Qe4 
20. Qd2 Qe5 21. Ba6 Rxc1 22. Rxc1 Re8 23. b4 Rd8 24. Qd4 Qxd4 25. exd4 Re8 
26. Kf1 Kf8 27. Rc3 Re7 28. Bb5 g5 29. f3 h5 30. Kf2 h4 31. Rc1 f6 32. Be2 Ke8 
33. g3 hxg3+ 34. hxg3 Kd8 35. g4 Be6 36. Rh1 Rc7 37. Rh6 Ke7 38. Rh7+ Kd6 
39. Rxc7 Kxc7 40. f4 Bd7 41. Kf3 Ba4 42. b5 gxf4 43. Kxf4 Bc2 44. Ke3 Kd6 
45. Bf3 Bb3 46. Be2 Ke7 47. Kd2 Ba4 48. Kc3 Kd6 49. Kd2 Ke7 50. Bd3 Kd6 
51. Ke3 Bb3 52. Kd2 Ke7 53. Ke2 Ke6 54. Kf3 Bd1+ 55. Kf4 Bb3 56. Kf3 Kd6 
57. Ke3 Ke7 58. Bf1 Kf8 59. Bd3 Ke7 60. Kf4 Ba4 61. Kf3 Bb3 62. Kf4 Ke6 63. Kf3 
1/2-1/2

[Event "Friday 12 January Rapid Engine Tour12+1 Rponds 9 Starts 1600 ST"]
[Site "Infinity Chess"]
[Date "2018.1.12"]
[Round "2"]
[White "KhalidOmar"]
[Black "Time_bandit"]
[Result "1/2-1/2"]
[ECO "C65"]
[WhiteElo "2451"]
[BlackElo "2454"]
[WhiteEngine "Eman 1.61a 64-bit BMI2"]
[BlackEngine "asmFishW_2017-11-19_popcnt"]
[EventType "Swiss"]
[WhiteTeam ""]
[BlackTeam ""]
[PlyCount "126"]
[TimeControl "720+1"]

1. e4 e5 2. Nf3 Nc6 3. Bb5 Nf6 4. d3 Bc5 5. c3 O-O 6. O-O d6 7. h3 Ne7 8. d4 Bb6 
9. Bd3 Ng6 10. Re1 Re8 11. a4 c6 12. Qc2 Bc7 13. Be3 d5 14. Nbd2 exd4 
15. Bxd4 Be6 16. e5 Nd7 17. c4 Bb6 18. cxd5 Bxd5 19. Bc3 a5 20. Rad1 Qe7 
21. Bc4 Nc5 22. Bxd5 cxd5 23. Nf1 Nh4 24. Nxh4 Qxh4 25. Rxd5 Rad8 26. Ne3 Qxa4 
27. Qxa4 Nxa4 28. Rb5 Bxe3 29. Rxe3 b6 30. Be1 Re6 31. Ra3 Rd1 32. Kf1 Nc5 
33. Raxa5 h6 34. Ra8+ Kh7 35. Ke2 Rd4 36. Bd2 Rxe5+ 37. Be3 Rd6 38. Rb8 Ree6 
39. g3 g5 40. Kf1 Nd7 41. Rd8 Rd1+ 42. Kg2 Red6 43. g4 R6d5 44. Rxd5 Rxd5 
45. Rc8 Rd6 46. Kg3 Kg6 47. Rg8+ Kh7 48. Rc8 Kg6 49. f4 gxf4+ 50. Kxf4 h5 
51. g5 f6 52. Rg8+ Kf7 53. Rh8 fxg5+ 54. Kxg5 Nf6 55. Rb8 Rd5+ 56. Kf4 Rb5 
57. Rb7+ Ke6 58. Rxb6+ Rxb6 59. Bxb6 Nd5+ 60. Kg5 Nxb6 61. Kxh5 Kf5 62. Kh4 Nd5 
63. b3 Nc3 1/2-1/2

[Event "Friday 12 January Rapid Engine Tour12+1 Rponds 9 Starts 1600 ST"]
[Site "Infinity Chess"]
[Date "2018.1.12"]
[Round "2"]
[White "Murx"]
[Black "SkyPilot"]
[Result "1-0"]
[ECO "D31"]
[WhiteElo "2454"]
[BlackElo "2457"]
[WhiteEngine "BrainFish_171226_x64_modern"]
[BlackEngine "stockfish_x64_bmi2_2018_01_01_CTG"]
[EventType "Swiss"]
[WhiteTeam ""]
[BlackTeam ""]
[PlyCount "102"]
[TimeControl "720+1"]

1. d4 d5 2. c4 e6 3. Nc3 c6 4. e4 dxe4 5. Nxe4 Bb4+ 6. Bd2 Qxd4 7. Bxb4 Qxe4+ 
8. Be2 Qxg2 9. Bf3 Qg5 10. Ne2 Na6 11. Rg1 Qf6 12. Bc3 e5 13. Ng3 Qe7 14. Qd2 f6 
15. O-O-O Be6 16. Ne4 Kf8 17. Bg2 Qc7 18. Qe3 h5 19. Rd6 Re8 20. Bh3 Bg4 
21. Bxg4 hxg4 22. Rgd1 Qc8 23. Rd7 Ne7 24. Qxa7 g3 25. fxg3 Rxh2 26. Qg1 Rh7 
27. Qf2 Nb8 28. Nxf6 Nxd7 29. Nxh7+ Kg8 30. Rf1 Rf8 31. Nxf8 Qxf8 32. Qxf8+ Nxf8 
33. Bxe5 Nd7 34. Bc3 Nb6 35. Rd1 Kf7 36. b3 Ke8 37. Bxg7 Nd7 38. g4 Nc5 
39. Bc3 Ng6 40. b4 Nd7 41. Kc2 Nb6 42. Kb3 Na8 43. Rd6 Ne7 44. Bf6 Nc7 
45. Bxe7 Kxe7 46. Rh6 Kf8 47. a4 Kg7 48. Rd6 Na6 49. Rd7+ Kf6 50. Rxb7 Kg5 
51. Ra7 Nb8 1-0

[Event "Friday 12 January Rapid Engine Tour12+1 Rponds 9 Starts 1600 ST"]
[Site "Infinity Chess"]
[Date "2018.1.12"]
[Round "2"]
[White "Cepri"]
[Black "Vimtiroba"]
[Result "1/2-1/2"]
[ECO "C50"]
[WhiteElo "2461"]
[BlackElo "2464"]
[WhiteEngine "BrainFish_180106_x64"]
[BlackEngine "AsmFish@J10V3_CTG"]
[EventType "Swiss"]
[WhiteTeam ""]
[BlackTeam ""]
[PlyCount "60"]
[TimeControl "720+1"]

1. e4 e5 2. Nf3 Nc6 3. Bc4 Bc5 4. O-O Nf6 5. d3 d6 6. c3 O-O 7. Nbd2 a5 
8. Re1 Ba7 9. h3 Be6 10. Bb5 Ne7 11. d4 Ng6 12. Ba4 Nh5 13. Nf1 c6 14. Ne3 exd4 
15. Nxd4 Nhf4 16. Nef5 Bxd4 17. Nxd4 d5 18. Qf3 dxe4 19. Rxe4 Nxh3+ 20. gxh3 Bd5 
21. Bb3 Bxe4 22. Qxe4 a4 23. Bc2 Re8 24. Qf3 Re1+ 25. Kh2 Qd6+ 26. Qg3 Qd5 
27. Qf3 Qd6+ 28. Qg3 Qd5 29. Nf3 Re2 30. Nd4 Re1 1/2-1/2

[Event "Friday 12 January Rapid Engine Tour12+1 Rponds 9 Starts 1600 ST"]
[Site "Infinity Chess"]
[Date "2018.1.12"]
[Round "2"]
[White "Eman"]
[Black "Wolle"]
[Result "1/2-1/2"]
[ECO "C50"]
[WhiteElo "2466"]
[BlackElo "2470"]
[WhiteEngine "Eman 1.61a 64-bit POPCNT"]
[BlackEngine "Raubfisch X37a2_CTG"]
[EventType "Swiss"]
[WhiteTeam ""]
[BlackTeam ""]
[PlyCount "70"]
[TimeControl "720+1"]

1. e4 e5 2. Nf3 Nc6 3. Bc4 Bc5 4. O-O Nf6 5. d3 d6 6. c3 a5 7. Bg5 Ba7 
8. Nbd2 h6 9. Bh4 Qe7 10. Bb3 Bg4 11. Rc1 g5 12. Bg3 Nh5 13. Kh1 Bd7 
14. d4 O-O-O 15. Ba4 Nxg3+ 16. fxg3 exd4 17. cxd4 Nxd4 18. Nxd4 Bxd4 19. Nc4 Bc5 
20. Nxa5 Qxe4 21. Rc4 Bxa4 22. Rxa4 Qe8 23. b4 Ba7 24. Qd5 Qxa4 25. Qxb7+ Kd7 
26. Rxf7+ Ke6 27. Qf3 Qc2 28. Qf6+ Kd5 29. Qf3+ Ke6 30. Rf6+ Ke5 31. Nc6+ Qxc6 
32. Rf5+ Ke6 33. Rf6+ Ke5 34. Rf5+ Ke6 35. Rf6+ Ke5 1/2-1/2

[Event "Friday 12 January Rapid Engine Tour12+1 Rponds 9 Starts 1600 ST"]
[Site "Infinity Chess"]
[Date "2018.1.12"]
[Round "2"]
[White "THE_MACHINE"]
[Black "Katzenmaier"]
[Result "1/2-1/2"]
[ECO "C50"]
[WhiteElo "2483"]
[BlackElo "2484"]
[WhiteEngine "Houdini 6"]
[BlackEngine "S_XPrO.251117.x64.POPCNT_CTG"]
[EventType "Swiss"]
[WhiteTeam ""]
[BlackTeam ""]
[PlyCount "109"]
[TimeControl "720+1"]

1. e4 e5 2. Nf3 Nc6 3. Bc4 Bc5 4. O-O Nf6 5. d3 d6 6. c3 O-O 7. h3 a5 
8. Nbd2 Ba7 9. Bb5 Ne7 10. d4 exd4 11. cxd4 Bd7 12. a4 d5 13. e5 Ne4 14. Re1 f5 
15. exf6 Nxf6 16. Nf1 Nf5 17. Bf4 c6 18. Bd3 Nxd4 19. Nxd4 Bxd4 20. Bxh7+ Nxh7 
21. Qxd4 Qh4 22. Be5 Qxd4 23. Bxd4 Rf4 24. Rad1 Re8 25. Re3 Nf8 26. b3 Rxe3 
27. fxe3 Re4 28. Nd2 Re8 29. Bb6 Bf5 30. Re1 Bg6 31. Bxa5 Nd7 32. Bc7 Nc5 
33. Bb6 Nd3 34. Ra1 c5 35. Nf3 Rxe3 36. b4 Re2 37. Bxc5 Nf4 38. Bf2 Nd3 
39. Bg3 Nxb4 40. Re1 Rxe1+ 41. Bxe1 Nd3 42. Bd2 b6 43. Be3 Be8 44. Bxb6 Bxa4 
45. h4 Bd1 46. Ng5 g6 47. Bd4 Kf8 48. Kh2 Ke7 49. Kg3 Kd6 50. Nf3 Ke6 
51. Kg4 Ne1 52. Bc5 Nxf3 53. gxf3 Ke5 54. h5 gxh5+ 55. Kxh5 1/2-1/2

[Event "Friday 12 January Rapid Engine Tour12+1 Rponds 9 Starts 1600 ST"]
[Site "Infinity Chess"]
[Date "2018.1.12"]
[Round "2"]
[White "Deep_Impact"]
[Black "Marsell"]
[Result "1/2-1/2"]
[ECO "C55"]
[WhiteElo "2509"]
[BlackElo "2488"]
[WhiteEngine "BrainFish_171226_x64_modern"]
[BlackEngine "asmFishW_2018-01-11_popcnt"]
[EventType "Swiss"]
[WhiteTeam ""]
[BlackTeam ""]
[PlyCount "62"]
[TimeControl "720+1"]

1. e4 e5 2. Nf3 Nc6 3. Bc4 Nf6 4. d3 Bc5 5. O-O d6 6. c3 O-O 7. Bg5 h6 8. Bh4 a6 
9. a4 g5 10. Bg3 Ba7 11. Nbd2 Nh7 12. b4 h5 13. b5 Na5 14. h4 g4 15. Ne1 Nxc4 
16. Nxc4 Be6 17. bxa6 bxa6 18. Nc2 Bxc4 19. dxc4 a5 20. Qd3 Nf6 21. Kh1 Qe8 
22. Ne3 Bxe3 23. Qxe3 Qe6 24. Rab1 Rfb8 25. c5 Kh7 26. Kg1 Qc4 27. Qg5 Rxb1 
28. Qf5+ Kg8 29. Qg5+ Kh7 30. Qf5+ Kg8 31. Qg5+ Kh7 1/2-1/2

[Event "Friday 12 January Rapid Engine Tour12+1 Rponds 9 Starts 1600 ST"]
[Site "Infinity Chess"]
[Date "2018.1.12"]
[Round "2"]
[White "Harry_Potter"]
[Black "Gilgamesch"]
[Result "1/2-1/2"]
[ECO "A20"]
[WhiteElo "2513"]
[BlackElo "2513"]
[WhiteEngine "asmFishW_2018-01-11_bmi2_CTG"]
[BlackEngine "BrainFish_171005_x64_bmi2"]
[EventType "Swiss"]
[WhiteTeam ""]
[BlackTeam ""]
[PlyCount "74"]
[TimeControl "720+1"]

1. c4 e5 2. g3 Nf6 3. Nc3 Bb4 4. Bg2 O-O 5. e4 a5 6. Nge2 d6 7. O-O Nc6 
8. Na4 Bg4 9. f3 Bd7 10. d3 Nb8 11. d4 exd4 12. Nxd4 Bxa4 13. Qxa4 Qd7 
14. Qc2 Bc5 15. Be3 Nc6 16. Nf5 g6 17. Qd2 Qe6 18. Bxc5 dxc5 19. Qg5 Nd7 
20. Ne3 Nd4 21. f4 c6 22. Rae1 a4 23. Qh4 Rae8 24. Bh3 Qe7 25. Bxd7 Qxd7 
26. Ng4 f5 27. Ne5 Qd6 28. Qh3 b5 29. Qg2 bxc4 30. Nxc4 Qe6 31. Ne5 fxe4 
32. a3 Qa2 33. Rxe4 Rb8 34. Nd3 Qc4 35. Ne5 Qa2 36. Nd3 Qc4 37. Ne5 Qa2 1/2-1/2

[Event "Friday 12 January Rapid Engine Tour12+1 Rponds 9 Starts 1600 ST"]
[Site "Infinity Chess"]
[Date "2018.1.12"]
[Round "1"]
[White "Thinker"]
[Black "KillBill2017"]
[Result "1/2-1/2"]
[ECO "B90"]
[WhiteElo "2450"]
[BlackElo "2393"]
[WhiteEngine "BrainFish_180106_x64_modern_CTG"]
[BlackEngine "Raubfisch ME262_GTZ16b1._CTG"]
[EventType "Swiss"]
[WhiteTeam ""]
[BlackTeam ""]
[PlyCount "75"]
[TimeControl "720+1"]

1. e4 c5 2. Nf3 d6 3. d4 cxd4 4. Nxd4 Nf6 5. Nc3 a6 6. Be3 e5 7. Nb3 Be6 
8. h3 Be7 9. f4 Nc6 10. f5 Bxb3 11. axb3 Nb4 12. g3 d5 13. exd5 Qc7 14. d6 Bxd6 
15. Nb5 Nxc2+ 16. Ke2 Qc6 17. Nxd6+ Ke7 18. Rc1 Nxe3 19. Rxc6 Nxd1 20. Nxb7 Rhb8 
21. Rc7+ Kf8 22. Bg2 Nxb2 23. Nd6 e4 24. Rhc1 Rd8 25. Nxf7 Rd3 26. Ng5 Rxg3 
27. Bxe4 Nxe4 28. Nxe4 Re8 29. Rc8 Rxb3 30. Rxe8+ Kxe8 31. Rc8+ Ke7 32. Rc7+ Ke8 
33. Rxg7 Nc4 34. Nf6+ Kd8 35. Nxh7 Nd6 36. f6 Rxh3 37. f7 Nxf7 38. Rxf7 1/2-1/2

[Event "Friday 12 January Rapid Engine Tour12+1 Rponds 9 Starts 1600 ST"]
[Site "Infinity Chess"]
[Date "2018.1.12"]
[Round "1"]
[White "Thor"]
[Black "KhalidOmar"]
[Result "1/2-1/2"]
[ECO "C55"]
[WhiteElo "2400"]
[BlackElo "2453"]
[WhiteEngine "asmFishW_2017-11-19_bmi2"]
[BlackEngine "Eman 1.61a 64-bit BMI2"]
[EventType "Swiss"]
[WhiteTeam ""]
[BlackTeam ""]
[PlyCount "71"]
[TimeControl "720+1"]

1. e4 e5 2. Nf3 Nc6 3. Bc4 Nf6 4. d3 Bc5 5. c3 d6 6. O-O a5 7. Bg5 Ba7 
8. Nbd2 O-O 9. Bh4 h6 10. Re1 g5 11. Bg3 Nh7 12. h3 h5 13. d4 h4 14. Bh2 g4 
15. hxg4 Bxg4 16. dxe5 dxe5 17. Bd5 Ng5 18. Bxc6 bxc6 19. Bxe5 h3 20. Bd4 Bxd4 
21. cxd4 Qf6 22. Qb3 Bxf3 23. Nxf3 Rab8 24. Qe3 Nxf3+ 25. Qxf3 Qxf3 
26. gxf3 Rxb2 27. Kh2 f5 28. Kxh3 fxe4 29. fxe4 Rfxf2 30. Rac1 Rf3+ 31. Kh4 Rxa2 
32. Rg1+ Kf8 33. Rxc6 Rf4+ 34. Kg5 Rxe4 35. Rxc7 Rxd4 36. Rf1+ 1/2-1/2

[Event "Friday 12 January Rapid Engine Tour12+1 Rponds 9 Starts 1600 ST"]
[Site "Infinity Chess"]
[Date "2018.1.12"]
[Round "1"]
[White "Time_bandit"]
[Black "MarioDeMonti"]
[Result "1/2-1/2"]
[ECO "D04"]
[WhiteElo "2456"]
[BlackElo "2401"]
[WhiteEngine "asmFishW_2017-11-19_popcnt"]
[BlackEngine "stockfish_x64_bmi2_2018_01_01_CTG"]
[EventType "Swiss"]
[WhiteTeam ""]
[BlackTeam ""]
[PlyCount "98"]
[TimeControl "720+1"]

1. d4 d5 2. Nf3 Nf6 3. e3 c5 4. c4 e6 5. a3 dxc4 6. Bxc4 a6 7. dxc5 Qxd1+ 
8. Kxd1 Bxc5 9. b4 Be7 10. Bb2 a5 11. bxa5 Rxa5 12. Ke2 O-O 13. Nbd2 Nd5 
14. Rhb1 Rd8 15. a4 Nc6 16. Rc1 Ra8 17. g3 Bd7 18. Bb5 Be8 19. Nd4 Na5 
20. N4b3 Nxb3 21. Nxb3 f5 22. Bd4 Kf7 23. Bxe8+ Rxe8 24. f3 Bg5 25. f4 Bf6 
26. Bxf6 gxf6 27. Kf2 Rec8 28. Rxc8 Rxc8 29. Nd4 Ra8 30. a5 Ne7 31. Rb1 e5 
32. fxe5 fxe5 33. Nb3 Nc6 34. Kf3 h5 35. e4 Kg6 36. Ra1 Kg5 37. h3 Kg6 
38. exf5+ Kxf5 39. g4+ hxg4+ 40. hxg4+ Kg5 41. Nd2 Rxa5 42. Ne4+ Kg6 
43. Rxa5 Nxa5 44. Nd6 Kg5 45. Nf7+ Kf6 46. Nd6 e4+ 47. Ke3 Ke5 48. Nxe4 b5 
49. g5 Nc6 1/2-1/2

[Event "Friday 12 January Rapid Engine Tour12+1 Rponds 9 Starts 1600 ST"]
[Site "Infinity Chess"]
[Date "2018.1.12"]
[Round "1"]
[White "neófito"]
[Black "Murx"]
[Result "1/2-1/2"]
[ECO "D31"]
[WhiteElo "2403"]
[BlackElo "2456"]
[WhiteEngine "BrainFish_180106_x64_bmi2_CTG"]
[BlackEngine "BrainFish_171226_x64_modern"]
[EventType "Swiss"]
[WhiteTeam ""]
[BlackTeam ""]
[PlyCount "107"]
[TimeControl "720+1"]

1. d4 d5 2. c4 e6 3. Nc3 c6 4. e4 dxe4 5. Nxe4 Bb4+ 6. Nc3 c5 7. Nf3 Nf6 
8. Be2 Ne4 9. Qd3 Qa5 10. Qxe4 Bxc3+ 11. Kf1 Bxd4 12. Nxd4 cxd4 13. Qxd4 O-O 
14. Bd2 Nc6 15. Bxa5 Nxd4 16. Bd3 e5 17. Rd1 Bf5 18. Bxf5 Nxf5 19. g4 Nh4 
20. Ke2 f5 21. Rhg1 Rf7 22. Rd8+ Rxd8 23. Bxd8 Ng6 24. Bg5 fxg4 25. Rxg4 Rc7 
26. b3 Kf7 27. Be3 a6 28. Kf3 Nf8 29. Rg5 Nd7 30. Ke2 g6 31. h4 Kf6 32. f4 exf4 
33. Bd4+ Ke6 34. Kf3 Nf6 35. Kxf4 Nh5+ 36. Ke3 Rf7 37. Bc3 Ng7 38. Bxg7 Rxg7 
39. b4 h6 40. Rc5 Kf6 41. Ke4 Rf7 42. Kf3 Re7 43. a3 Rd7 44. Ke4 g5 
45. hxg5+ hxg5 46. Rf5+ Kg6 47. c5 g4 48. a4 Rd4+ 49. Kxd4 Kxf5 50. Ke3 g3 
51. Kf3 Ke5 52. b5 axb5 53. axb5 Kd5 54. c6 1/2-1/2

[Event "Friday 12 January Rapid Engine Tour12+1 Rponds 9 Starts 1600 ST"]
[Site "Infinity Chess"]
[Date "2018.1.12"]
[Round "1"]
[White "SkyPilot"]
[Black "Satria_Ungu"]
[Result "1/2-1/2"]
[ECO "C55"]
[WhiteElo "2459"]
[BlackElo "2406"]
[WhiteEngine "stockfish_x64_bmi2_2018_01_01_CTG"]
[BlackEngine "Houdini 6"]
[EventType "Swiss"]
[WhiteTeam ""]
[BlackTeam ""]
[PlyCount "116"]
[TimeControl "720+1"]

1. e4 e5 2. Nf3 Nc6 3. Bc4 Nf6 4. d3 Bc5 5. c3 d6 6. O-O O-O 7. h3 a5 8. Nbd2 h6 
9. Re1 Be6 10. a4 Ba7 11. b3 d5 12. exd5 Nxd5 13. Ne4 Re8 14. Bd2 Nf6 
15. Qe2 Nxe4 16. Qxe4 Qd7 17. Rad1 Rad8 18. b4 axb4 19. cxb4 Bd5 20. Bxd5 Qxd5 
21. b5 Nd4 22. Nxd4 Qxd4 23. Be3 Qxe4 24. dxe4 Bxe3 25. fxe3 Rxd1 26. Rxd1 Ra8 
27. Rc1 c6 28. bxc6 bxc6 29. Ra1 Kf8 30. a5 Ke7 31. g4 Kd6 32. Kf2 Kc5 
33. h4 Ra7 34. Rb1 Kc4 35. Rb6 c5 36. a6 Kc3 37. Kg3 c4 38. Kf3 Kd3 39. h5 Ra8 
40. Rc6 c3 41. Rd6+ Kc2 42. Ke2 f6 43. Kf3 Kc1 44. Ke2 c2 45. Rc6 Kb2 
46. Rb6+ Kc1 47. Rd6 Ra7 48. Re6 Rd7 49. Rb6 Rd2+ 50. Ke1 Rd3 51. Ke2 Rd2+ 
52. Ke1 Rd7 53. Rb7 Rd1+ 54. Ke2 Rd2+ 55. Ke1 Rd3 56. Ke2 Rd2+ 57. Ke1 Rd1+ 
58. Ke2 Rd2+ 1/2-1/2